 Dungeon Crawl Stone Soup version 0.23-a0-891-g41af670 (webtiles) character file.

Game seed: 11375

7 Geeful the Digger (level 1, -4/10 HPs)
             Began as a Deep Elf Earth Elementalist on Jan 28, 2019.
             Slain by a hobgoblin
             ... wielding a +0 club
              (6 damage)
             ... on level 1 of the Dungeon on Feb 4, 2019.
             The game lasted 00:02:12 (269 turns).

Geeful the Digger (Deep Elf Earth Elementalist)      Turns: 269, Time: 00:02:13

Health: -4/10      AC:  2    Str:  5    XL:     1   Next: 91%
Magic:  4/6        EV: 13    Int: 19    God:
Gold:   29         SH:  0    Dex: 15    Spells: 5/6 levels left

rFire    . . .     SeeInvis .   h - +0 dagger
rCold    . . .     Gourm    .   (no shield)
rNeg     . . .     Faith    .   c - +0 robe
rPois    .         Spirit   .   (no helmet)
rElec    .         Reflect  .   (no cloak)
rCorr    .         Harm     .   (no gloves)
MR       .....                  (no boots)
Stlth    ++........             (no amulet)
HPRegen  0.03/turn              (no ring)
MPRegen  0.10/turn              (no ring)

@: no status effects
A: no striking features
a: no special abilities


You were on level 1 of the Dungeon.
You were not hungry.

You visited 1 branch of the dungeon, and saw 1 of its levels.

You collected 29 gold pieces.

Inventory:

Hand Weapons
 a - a +0 whip
 h - a +0 dagger (weapon)
Missiles
 b - 17 stones (quivered)
Armour
 c - a +0 robe (worn)
Scrolls
 g - a scroll of remove curse {unknown}
 i - a scroll of enchant weapon {unknown}
Potions
 e - 2 potions of mutation {unknown}
Comestibles
 d - a ration
 f - a chunk of flesh


   Skills:
 + Level 2.5 Dodging
 + Level 2.4 Stealth
 + Level 3.2 Spellcasting
   Level 1.1 Transmutations
 + Level 3.7 Earth Magic


You had 5 spell levels left.
You knew the following spells:

 Your Spells              Type           Power        Failure   Level  Hunger
a - Sandblast             Erth           ###...       3%          1    None

Your spell library contained the following spells:

 Spells                   Type           Power        Failure   Level  Hunger
 Passwall                 Tmut/Erth      ##......     9%          2    ##.....
 Stone Arrow              Conj/Erth      ##....       22%         3    ###....
 Petrify                  Tmut/Erth      ##......     50%         4    ####...
 Lee's Rapid Deconstruct  Erth           ###.......   65%         5    ######.


Dungeon Overview and Level Annotations

Branches:
Dungeon (1/15)

Altars:


Message History

Aiming: Sandblast (safe; 3% risk of failure)
Press: ? - help, Shift-Dir - straight line, f - hobgoblin
Aim: a hobgoblin, wielding a +0 club The blast of sand hits the hobgoblin.
The hobgoblin is severely wounded.
b - 18 stones The hobgoblin hits you with a +0 club.
* * * LOW HITPOINT WARNING * * *
Casting: Sandblast (safe; 3% risk of failure)
Confirm with . or Enter, or press ? or * to list all spells.
Aiming: Sandblast (safe; 3% risk of failure)
Press: ? - help, Shift-Dir - straight line, f/p - hobgoblin
Aim: a hobgoblin, wielding a +0 club (severely wounded)
The blast of sand hits the hobgoblin but does no damage.
The hobgoblin is severely wounded.
b - 17 stones The kobold shouts!
The hobgoblin hits you with a +0 club.
Ouch! That really hurt!
You die...

#.##.#...###
#.##.##.##
#....##.#
#....##.#
.#######...##.#
...........#
.##
..#######..#
..♣ #..##g#
#...@# #.K..#
#.##.# .....(.
###.####. .K#
#. ## #. ..


You could see a hobgoblin and a kobold.

Vanquished Creatures
  A dart slug (D:1)
  A hobgoblin (D:1)
  A ball python (D:1)
  3 kobolds (D:1)
6 creatures vanquished.

Notes
Turn   | Place    | Note
-------+----------+-------------------------------------------
     0 | D:1      | WeeklyChallenge the Deep Elf Earth Elementalist began the
                  | quest for the Orb.
     0 | D:1      | Reached XP level 1. HP: 10/10 MP: 6/6
   269 | D:1      | Slain by a hobgoblin

Vault maps used:
D:1:      erik_arrival_blinker_ship, wad_woods_river_04
D:3:      nicolae_overflow_hidden_temple, chequers_ecumenical_altar_twisty,
          nrook_mini_vaults, uniq_terence
D:4:      minmay_temple_entry_hall, first_ration, uniq_sigmund
D:5:      basic_altar
D:6:      minitemple, fedhas_altar_1
D:7:      gammafunk_cloud_chamber
D:8:      serial_shops, nicolae_shop_trees
D:9:      lemuel_coloured_pillars_altar, hiddenorc2_lemuel
D:10:     serial_shops, kennysheep_little_box
D:11:     david_lair_shrubbed, the_bakery
D:12:     special_room, enter_bailey_3, chequers_decorated_corner
D:13:     gauntlet_entry_generic, uniq_snorg, uniq_josephine, uniq_erolcha
D:14:     minmay_general_purpose_star, lightli_vaults_fourway_checkpoint,
          corexii_corridor_pit, uniq_rupert
D:15:     hangedman_depths_entry_try_elsewhere_first, minmay_fire_ice_demons
Temple:   dpeg_chambers_temple
Lair:1:   infiniplex_staircase_pool, grunt_megastairs_3
Lair:2:   nicolae_volcano_entry_s_turn, wad_woods_antlair,
          infiniplex_staircase_pool_2
Lair:3:   grunt_megastairs_5, minmay_lair_oklob_chamber
Lair:4:   elwin_shoals_entry_rocks, nicolae_spider_entry_orb_guardian,
          minivault_26
Lair:5:   lemuel_fruit_tree
Lair:6:   evilmike_catoblepas_cave, dpeg_slime_entry_enclosed_altar
Shoals:3: nicolae_shoals_square_sea_wall, uniq_louise
Shoals:4: shoals_end_simple, shoals_ilsuiw_ice, uniq_kirke
Spider:1: drop_trap, nicolae_spider_circle_web
Spider:3: ebering_ghost_rock_garden
Spider:4: spider_rune_water, uniq_arachne
Slime:3:  cheibrodos_slime_lost_civilization_5
Slime:4:  cheibrodos_slime_lost_civilization_10
Orc:2:    st_orc_rangers
Elf:1:    evilmike_minifort, small_chamber_with_monster, nrook_loot_triangle,
          uniq_roxanne
Elf:2:    lemuel_elevator
Elf:3:    elf_hall_gauntlet_wide, serial_shops, nicolae_shop_waterfront,
          nicolae_elf_big_sculpture_1
Vaults:1: nicolae_vaults_disjoint_gnomons, v_misc_26, v_misc_24, v_misc_23,
          nicolae_vaults_angled_halls, nicolae_vaults_angled_halls, v_misc_23,
          dpeg_vaults_monster_box
Vaults:2: v_misc_8, vaults_dpeg_spiral, st_smaller_cells, v_alt_pattern_2,
          vaults_dpeg_cross, v_pattern_4, v_alt_pattern_3,
          ontoclasm_vaults_spin, vaults_dpeg_encased_lava, serial_shops, shop,
          uniq_frederick
Vaults:3: v_misc_18, ontoclasm_vaults_eye, v_misc_12, vaults_mumra_minichess,
          hangedman_vaults_restitches, minmay_crypt_entry_simple_walls,
          v_rooms_4, vaults_mumra_chevron_long, vaults_room_stairs_pillars,
          vaults_room_semicircle, nicolae_vaults_circle_grid_b,
          nicolae_vaults_little_squares_6, uniq_sojobo, uniq_mara, uniq_nikola
Vaults:4: v_misc_18, v_misc_9, vaults_room_pool, nicolae_vaults_triangles,
          vaults_room_semicircle, nicolae_vaults_rhombus_6, serial_ice_g,
          v_misc_30, nicolae_vaults_little_squares_6, vaults_dpeg_diagonal,
          v_misc_13, nicolae_vaults_border_crossing, v_alt_pattern_6,
          nicolae_vaults_theta, vaults_room_door_ring, vaults_dpeg_hooks
Vaults:5: serial_shops
Crypt:1:  basic_altar, serial_sigils_hangedman_shear, uniq_mennas,
          uniq_saint_roka
Crypt:2:  cheibrodos_crypt_eye_of_stone, fountainhead
Crypt:3:  church_of_pain_bobbens, nicolae_crypt_ancient_font
Depths:1: hell_entry, serial_sigils_hangedman_scar, kennysheep_nondescript,
          nrook_mini_backslash, hangedman_decor_clover_reticule,
          minmay_shattered_shrine
Depths:2: evilmike_marble_ring, hell_entry, serial_glass, glass_columns_c,
          glass_columns_c, glass_columns_b, glass_columns_c, glass_columns_b,
          glass_columns_a, hangedman_decor_opposing,
          kennysheep_underground_church
Depths:3: hangedman_pleasuredromes, pan_entry, hell_entry
Depths:4: hangedman_screamer, serial_rivers, chequers_serial_rivers_small_a,
          chequers_serial_rivers_small_3, chequers_serial_rivers_small_a,
          chequers_serial_rivers_large_a, marbit_kobold_abyss_entry,
          lightli_too_deep, minmay_hedge_maze, evilmike_spriggan_trog_shrine
Depths:5: lemuel_castle_with_subvaults, pf_dread_powers_of_hell,
          minmay_misc_feat_alley
Dis:7:    dis_st
Geh:5:    nicolae_geh_lava_in_the_way, lemuel_elevator
Geh:6:    nicolae_geh_sunburst
Geh:7:    evilmike_geh
Coc:2:    serial_ice, serial_ice_h, serial_ice_o, serial_ice_g, serial_ice_e,
          serial_ice_n
Coc:6:    serial_ice, serial_ice_g, serial_ice_d, serial_ice_b, serial_ice_h
Coc:7:    coc_hangedman
Tar:1:    lemuel_nasty_fountain
Tar:5:    lemuel_elevator, grunt_megastairs_2
Tar:6:    nicolae_tar_cuneiform_heaven
Tar:7:    tar_minmay_river
Zot:1:    ebering_ghost_disaster_area
Zot:3:    st_small_dragon_hoard_1, st_large_dragon_hoard_1
Zot:4:    nicolae_moth_party, hangedman_zot_decor_scrapings, nzn_random_ring,
          lemuel_elevator, grunt_megastairs_1

Action                   || total
-------------------------++-------
Melee: Whip              ||     2
 Cast: Sandblast         ||    13
 Stab: Sleeping          ||     1
Dodge: Dodged            ||     2

Table legend:
 A = Non-vault XP
 B = Vault XP
 C = Vault XP percentage of total XP
 D = Non-vault monster count
 E = Vault monster count
 F = Vault count percentage of total count
                 A         B        C        D         E       F
            +---------+---------+-------+---------+---------+-------
      Total |      11 |       0 |   0.0 |       6 |       0 |   0.0
            +---------+---------+-------+---------+---------+-------
        D:1 |      11 |       0 |   0.0 |       6 |       0 |   0.0
            +---------+---------+-------+---------+---------+-------
